 Dungeon Crawl Stone Soup version 0.28.0-47-ge53b351184 (webtiles) character file.

Game seed: 12230995613074939747

48783 Icepheonix32 the Frost Mage (level 14, -2/103 HPs)
             Began as a Demonspawn Ice Elementalist on May 5, 2022.
             Was an Elder of Hepliaklqana.
             Splashed by a brown ugly thing's acid (5 damage)
             ... on level 14 of the Dungeon.
             The game lasted 00:51:44 (23586 turns).

Icepheonix32 the Frost Mage (DsIE)                 Turns: 23586, Time: 00:51:45

Health: -2/103     AC: 26    Str: 15    XL:     14   Next: 13%
Magic:  0/24       EV: 11    Int: 36    God:    Hepliaklqana [****..]
Gold:   1032       SH:  8    Dex: 14    Spells: 4/27 levels left

rFire   . . .      SeeInvis .   e - +11 halberd of Xutini {vorpal, rPois Int+6}
rCold   + + .      Faith    .   (shield currently unavailable)
rNeg    . . .      Spirit   +   N - +7 Kryia's mail coat {PotionHeal*2 rC+}
rPois   +          Reflect  .   T - +2 hat {Int+3}
rElec   .          Harm     .   (cloak unavailable)
rCorr   .          Rampage  .   P - +0 pair of gloves
Will    ++...                   h - +2 pair of boots
Stlth   +.........              q - amulet of guardian spirit
HPRegen 0.27/turn               g - +6 ring of strength
MPRegen 0.19/turn               E - +6 ring of intelligence

@: mighty, ice-armoured, studying 2 skills
A: reduced essence, large bone plates 3, demonic guardian 2, foul stench 1,
weakness stinger 3, cold resistance 1, strong-willed 1
a: Renounce Religion, Recall Ancestor, Ancestor Identity, Transference, Idealise


You were on level 14 of the Dungeon.
You worshipped Hepliaklqana.
Hepliaklqana was greatly pleased with you.
You visited 3 branches of the dungeon, and saw 19 of its levels.

You collected 1260 gold pieces.
You spent 228 gold pieces at shops.

Inventory:

Hand Weapons
 e - the +11 halberd of Xutini (weapon) {vorpal, rPois Int+6}
   (You found it on level 11 of the Dungeon)

   It inflicts extra damage upon your enemies.
   Int:       It affects your intelligence (+6).
   rPois:     It protects you from poison.
 v - a +4 battleaxe
 A - a +5 dire flail
 F - a +2 morningstar of draining
Missiles
 r - 3 throwing nets
 w - 28 poisoned darts
 K - 3 boomerangs
 S - 5 silver javelins
Armour
 h - a +2 pair of boots (worn)
 B - a +1 robe of willpower
 C - an orb of light
 G - +4 steam dragon scales
 N - the +7 Kryia's mail coat (worn) {PotionHeal*2 rC+}
   (You found it on level 10 of the Dungeon)

   Potions are twice as effective at healing its wearer.
   rC:        It protects you from cold.
 P - a +0 pair of gloves (worn)
 T - a +2 hat of intelligence (worn)
Jewellery
 f - an amulet of the acrobat
 g - a +6 ring of strength (left hand)
 q - an amulet of guardian spirit (around neck)
 u - a +4 ring of evasion
 x - a ring of ice
 E - a +6 ring of intelligence (right hand)
 H - a ring of protection from cold
 J - an amulet of faith
 M - a ring of see invisible
 U - a +6 ring of strength
Wands
 i - a wand of flame (70)
 k - a wand of acid (14)
 D - a wand of polymorph (1)
 O - a wand of iceblast (3)
 Q - a wand of paralysis (11)
Scrolls
 b - 6 scrolls of identify
 j - 4 scrolls of blinking
 l - 2 scrolls of amnesia
 m - 3 scrolls of fog
 n - 3 scrolls of teleportation
 o - 3 scrolls of fear
 p - 3 scrolls of magic mapping
 s - 3 scrolls of holy word
 t - a scroll of enchant weapon
 y - a scroll of summoning
 I - 2 scrolls of noise
 V - a scroll of torment {unknown}
Potions
 a - 3 potions of brilliance
 c - 6 potions of curing
 d - 4 potions of mutation
 L - a potion of flight


   Skills:
 - Level 12.1 Fighting
 + Level 7.3(9.1) Axes
 - Level 3.1(5.6) Maces & Flails
 + Level 7.6(9.0) Polearms
 * Level 2.6 Armour
 + Level 6.0 Dodging
 + Level 4.4 Stealth
 + Level 0.5 Unarmed Combat
 - Level 7.0 Spellcasting
 + Level 1.0 Hexes
 * Level 9.3 Necromancy
 + Level 12.7 Ice Magic
 + Level 5.3 Invocations
 + Level 0.5 Evocations


You had 4 spell levels left.
You knew the following spells:

 Your Spells              Type           Power      Damage    Failure   Level
a - Freeze                Ice            100%       1d11      1%          1
b - Ozocubu's Armour      Ice            81%        N/A       1%          3
c - Frozen Ramparts       Ice            100%       1d12      1%          3
d - Hailstorm             Conj/Ice       55%        3d12      9%          4
e - Pain                  Necr           100%       1d9       1%          1
f - Simulacrum            Ice/Necr       37%        N/A       21%         6
g - Metabolic Englaciati  Hex/Ice        29%        N/A       21%         5

Your spell library contained the following spells:

 Spells                   Type           Power      Damage    Failure   Level
 Animate Skeleton         Necr           100%       N/A       1%          1
 Vampiric Draining        Necr           68%        2d10      1%          3
 Animate Dead             Necr           34%        N/A       2%          4
 Summon Small Mammal      Summ           48%        N/A       12%         1
 Summon Guardian Golem    Hex/Summ       16%        N/A       28%         3
 Call Canine Familiar     Summ           12%        N/A       34%         3
 Haunt                    Necr/Summ      23%        N/A       100%        7
 Orb of Destruction       Conj           6%         9d6       100%        7
 Spellforged Servitor     Conj/Summ      6%         N/A       100%        7
 Infestation              Necr           34%        N/A       100%        8


Dungeon Overview and Level Annotations

Branches:
Dungeon (14/15)            Temple (1/1) D:4            Lair (4/6) D:10
 Shoals (0/4) Lair:3       Spider (0/4) Lair:4          Orc (0/2) D:9
 Vaults (0/5) D:14

Altars:
Ashenzari
Cheibriados
Dithmenos
Elyvilon
Fedhas
Gozag
Hepliaklqana
Kikubaaqudgha
Makhleb
Nemelex Xobeh
Okawaru
Qazlal
Ru
Sif Muna
Trog
Uskayaw
Vehumet
Wu Jian
Xom
Yredelemnul
Zin
The Shining One
Beogh

Shops:
D:5 ?   D:9 ?

Annotations:
Lair:2 2 transporters, bobregger's ghost, journeyman OgBe
Lair:3 2 transporters, nickcage's ghost, journeyman BaFi


Innate Abilities, Weirdness & Mutations

Your life essence is reduced to manifest your ancestor. (-10% HP)
You are completely covered in large bone plates. (SH +8)
A demonic guardian rushes to your aid.
You may rarely emit foul miasma when damaged in melee.
You have a sharp stinger which inflicts weakening toxins.
Your flesh is cold resistant. (rC+)
You are strong-willed. (Will+)


Message History

Press: ? - help, Dir - look around, f - activate You radiate an aura of cold.
The white ugly thing is unaffected.
Mirna is unaffected.
The red ugly thing seems to slow down. x3; The white ugly thing is unaffected. x3
The white ugly thing claws you but does no damage.
Mirna hits the red ugly thing with a +0 flail.
The white ugly thing basks in the mutagenic energy from its kin and changes!
The red ugly thing pecks you.
You are engulfed in flames!
The heat melts your icy armour.
Unknown command.
You puncture the red ugly thing!
You tail-slap the red ugly thing, but do no damage.
The red ugly thing is moderately wounded.
You block the white ugly thing's attack.
The red ugly thing basks in the mutagenic energy from its kin and changes! x2
Unknown command.
You feel very mighty all of a sudden. The white ugly thing claws you!
* * * LOW HITPOINT WARNING * * *
The white ugly thing freezes you! You resist.
* * * LOW HITPOINT WARNING * * *
A demonic guardian appears!
Mirna hits the white ugly thing with a +0 flail!
A white ugly thing comes into view.
The red ugly thing pecks you but does no damage.
You closely miss the red ugly thing. You tail-slap the red ugly thing!
The red ugly thing looks weaker.
The red ugly thing is moderately wounded.
The red ugly thing is no longer moving slowly.
The white ugly thing claws you but does no damage.
Mirna closely misses the white ugly thing.
The red ugly thing basks in the mutagenic energy from its kin and changes!
The red ugly thing pecks you.
* * * LOW HITPOINT WARNING * * *
You are engulfed in flames!
* * * LOW HITPOINT WARNING * * *
The brown ugly thing engulfs you.
* * * LOW HITPOINT WARNING * * *
You are splashed with acid.
You die...

#.#..#.#####...##*.#....,,,,,,**
).)).........#..#*.#....,,,,,,,**
.).).........##.#*......,,,,,,,,*
#)#..#.########.##......,,,,,,,,,
.........#,#............,,,,,,,,,
#)#..#.##..#####........,,,,,,,,,
#.#..#.#,*.#,##.........,,,,,,,,,
.##..##.*,,#.#..R.......,,,,^,,,,
..#..#,..,,#....@u>.....,,,,,,,,,
###..#*###*#...4uuu.....,,,,,,,,,
,,...#,,,......$uu......,,,,,,,,,
,,..##,,,..(......u.....,,,,,,,,,
,,,,**,,................,,,,,,,,,
,<,,**,,..............u.,,,,,,,,,
,,*,**,,,.............#.,,,,,,,,,
,,*,*****###...........,,,,,,,,,,
,,*,* ******+,,,,,,,,,,,*,,,,,,,,


You could see the friendly Mirna the knight, 8 ugly things and a friendly ice
devil (summoned).

Vanquished Creatures
  Nessos (Lair:4)
  A boulder beetle (D:12)
  2 catoblepae
  A centaur warrior (D:14)
  5 hydras
  3 two-headed ogres
  An ogre mage (D:14)
  5 death yaks (D:10)
  Urug (Lair:2)
  A lindwurm (Lair:3)
  2 ugly things (D:13)
  A deep elf pyromancer (D:12)
  2 manticores (D:11)
  Maurice (D:9)
  2 black mambas
  4 cane toads
  Maggie (D:8)
  3 yaktaurs
  A rime drake (Lair:2)
  3 komodo dragons
  A merfolk (D:10)
  A troll (D:14)
  A polar bear (Lair:4)
  7 blink frogs
  Grinder (D:3)
  3 slime creatures (D:12)
  2 shadows (D:12)
  Sigmund (D:3)
  2 jumping spiders (Lair:4)
  A wraith (D:12)
  24 yaks
  2 steam dragons
  A redback (Lair:4)
  A basilisk (Lair:1)
  7 water moccasins
  Duvessa (D:4)
  3 orc warriors
  2 sky beasts (D:7)
  2 ice beasts
  4 black bears
  8 ogres
  9 centaurs
  5 wolves (Lair:2)
  3 phantoms (D:5)
  A kobold brigand (D:8)
  3 scorpions
  7 bullfrogs
  A water moccasin skeleton (D:6)
  Dowan (D:4)
  11 killer bees
  4 howler monkeys
  5 wights (D:7)
  6 electric eels
  3 bullfrog zombies
  4 centaur zombies
  A jelly (D:4)
  3 hounds
  6 orc priests
  A bullfrog skeleton (D:5)
  2 iguanas
  Natasha (thrice) (D:2)
  Terence (D:2)
  11 orc wizards
  4 gnolls (D:6)
  5 adders
  A shadow imp (D:7)
  3 white imps
  2 worms
  2 dart slugs
  36 orcs
  5 ball pythons
  3 bats
  3 endoplasms
  3 giant cockroaches
  5 goblins
  3 hobgoblins
  3 jackals (D:1)
  6 quokkas
  7 frilled lizards
  9 kobolds
  4 rats
311 creatures vanquished.

Vanquished Creatures (collateral kills)
  2 hydras
  A centaur warrior (D:13)
  A boulder beetle (D:11)
  A two-headed ogre (D:10)
  The ghost of DemonSlayer the Magician, a novice DsFE of Cheibriados (D:7)
  2 deep elf pyromancers (D:14)
  An ugly thing (D:14)
  2 black mambas
  A merfolk siren (Lair:3)
  An unseen horror (D:13)
  A rime drake (Lair:2)
  3 yaktaurs
  4 komodo dragons
  A troll (D:13)
  A slime creature (D:12)
  2 blink frogs (Lair:4)
  A shadow (D:12)
  A jumping spider (Lair:4)
  2 basilisks
  17 yaks
  4 water moccasins
  3 orc warriors
  5 wolves (Lair:2)
  8 centaurs
  3 bullfrogs
  4 electric eels
  An orc priest (D:11)
  2 orc wizards
  A worm (D:2)
  A dart slug (D:2)
  6 orcs
  A plant (Lair:3)
85 creatures vanquished.

Vanquished Creatures (others)
  A wizard (D:14)
  An unseen horror (D:12)
  A yaktaur (D:14)
  An ancestor (Lair:2)
  4 knights
  An orc wizard (D:10)
  5 fungi
  33 plants
47 creatures vanquished.

Grand Total: 443 creatures vanquished

Notes
Turn   | Place    | Note
-------+----------+-------------------------------------------
     0 | D:1      | Icepheonix32 the Demonspawn Ice Elementalist began the
                  | quest for the Orb.
     0 | D:1      | Reached XP level 1. HP: 13/13 MP: 3/3
   303 | D:1      | Gained mutation: You have a small tail. [demonic ancestry]
   303 | D:1      | Reached XP level 2. HP: 6/19 MP: 0/5
  1001 | D:1      | Found a faded altar of an unknown god.
  1316 | D:2      | Noticed Terence
  1571 | D:2      | Noticed Natasha
  1589 | D:2      | Gained mutation: A weak demonic guardian rushes to your
                  | aid. [demonic ancestry]
  1589 | D:2      | Reached XP level 3. HP: 14/24 MP: 3/6
  1766 | D:2      | Killed Terence
  1767 | D:2      | Reached skill level 5 in Ice Magic
  1767 | D:2      | Gained mutation: You have a tail ending in a sharp stinger.
                  | [demonic ancestry]
  1767 | D:2      | Reached XP level 4. HP: 13/30 MP: 1/7
  2019 | D:2      | Killed Natasha
  2288 | D:2      | Noticed Natasha
  2289 | D:2      | Gained mutation: You have hidden genetic potential. [potion
                  | of mutation]
  2293 | D:2      | Killed Natasha
  2294 | D:2      | Reached XP level 5. HP: 30/35 MP: 3/8
  2411 | D:2      | Noticed Natasha
  2425 | D:2      | Killed Natasha
  2745 | D:3      | Learned a level 3 spell: Ozocubu's Armour
  2749 | D:3      | Learned a level 3 spell: Frozen Ramparts
  2933 | D:3      | Found a transporter.
  2947 | D:3      | Noticed Grinder
  2953 | D:3      | Found an iron altar of Okawaru.
  2966 | D:3      | Gained mutation: Your flesh is cold resistant. (rC+)
                  | [hidden potential]
  3097 | D:4      | Found a staircase to the Ecumenical Temple.
  3125 | Temple   | Entered the Ecumenical Temple
  4052 | D:4      | Noticed Dowan
  4053 | D:4      | Noticed Duvessa
  4070 | D:4      | Killed Duvessa
  4071 | D:4      | Reached skill level 1 in Fighting
  4071 | D:4      | Gained mutation: You have a sharp stinger which inflicts
                  | weakening toxins. [demonic ancestry]
  4071 | D:4      | Reached XP level 6. HP: 8/43 MP: 0/9
  4076 | D:4      | Killed Dowan
  4079 | D:4      | Gained mutation: You are strong-willed. (Will+) [hidden
                  | potential]
  4079 | D:4      | Lost mutation: You have hidden genetic potential. [hidden
                  | potential expressed]
  4881 | D:5      | Entered Level 5 of the Dungeon
  4910 | D:5      | Reached XP level 7. HP: 14/50 MP: 0/10
  5430 | D:5      | Reached skill level 1 in Maces & Flails
  5646 | D:5      | Reached skill level 10 in Fighting
  5646 | D:5      | Reached skill level 10 in Ice Magic
  5646 | D:5      | Gained mutation: You are partially covered in large bone
                  | plates. (SH +4) [demonic ancestry]
  5646 | D:5      | Reached XP level 8. HP: 18/72 MP: 6/11
  6100 | D:5      | Gained mutation: You are mostly covered in large bone
                  | plates. (SH +6) [demonic ancestry]
  6100 | D:5      | Reached XP level 9. HP: 56/78 MP: 7/13
  6231 | D:5      | Found Muennel's Magic Scroll Shoppe.
  6245 | D:5      | Bought a scroll of identify for 24 gold pieces
  6245 | D:5      | Bought a scroll of blinking for 90 gold pieces
  6245 | D:5      | Bought a scroll of fog for 24 gold pieces
  6245 | D:5      | Bought a scroll of magic mapping for 42 gold pieces
  8713 | D:7      | Found a burning altar of Makhleb.
  8731 | D:7      | Found a runed translucent gate.
  8731 | D:7      | Noticed DemonSlayer's ghost (novice DsFE)
  8732 | D:7      | Found a runed translucent gate.
  8733 | D:7      | Found a runed translucent gate.
  8734 | D:7      | Identified the +1 plate armour of Circular Logic {+Blink
                  | rElec Int+3 Stlth-}
  8999 | D:7      | Reached XP level 10. HP: 79/81 MP: 8/15
  9211 | D:7      | Identified a scroll of acquirement
  9217 | D:7      | Learned a level 4 spell: Hailstorm
  9217 | D:7      | Acquired a book of Winter
  9221 | D:7      | Learned a level 1 spell: Pain
  9841 | D:8      | Reached skill level 1 in Axes
  9842 | D:8      | Reached skill level 1 in Necromancy
 10343 | D:8      | Noticed Maggie
 10349 | D:8      | Killed Maggie
 10608 | D:9      | Noticed Maurice
 10695 | D:9      | Killed Maurice
 10789 | D:9      | Found Jeletuept's Magic Scroll Shoppe.
 10794 | D:9      | Bought a scroll of noise for 16 gold pieces
 10794 | D:9      | Bought a scroll of identify for 32 gold pieces
 11373 | D:10     | Entered Level 10 of the Dungeon
 11374 | D:10     | Noticed a death yak
 11385 | D:10     | Noticed a death yak
 11386 | D:10     | Noticed a death yak
 11386 | D:10     | Killed a death yak
 11386 | D:10     | Noticed a death yak
 11388 | D:10     | Noticed a death yak
 11396 | D:10     | Killed a death yak
 11399 | D:10     | Killed a death yak
 11400 | D:10     | Reached XP level 11. HP: 53/93 MP: 4/17
 11400 | D:10     | Killed a death yak
 11404 | D:10     | Killed a death yak
 11405 | D:10     | Reached skill level 5 in Axes
 11649 | D:10     | Found a staircase to the Lair.
 11698 | D:10     | Noticed a two-headed ogre
 11707 | D:10     | Killed a two-headed ogre
 11804 | D:9      | Noticed a two-headed ogre
 11814 | D:9      | Killed a two-headed ogre
 12022 | D:9      | Learned a level 6 spell: Simulacrum
 12058 | D:9      | Found a staircase to the Orcish Mines.
 12219 | D:9      | Found a shimmering blue altar of Sif Muna.
 12220 | D:9      | Found a hazy altar of Hepliaklqana.
 12482 | D:9      | Became a worshipper of Hepliaklqana the Forgotten
 13036 | D:10     | Found the +7 Kryia's mail coat {PotionHeal*2 rC+}
 13146 | D:11     | Noticed a two-headed ogre
 13154 | D:11     | Killed a two-headed ogre
 13366 | D:11     | Identified the +11 halberd of Xutini {vorpal, rPois Int+6}
 13448 | D:11     | Noticed a boulder beetle
 13471 | D:11     | Killed a boulder beetle
 13472 | D:11     | Reached skill level 5 in Spellcasting
 13569 | Lair:1   | Entered Level 1 of the Lair of Beasts
 13636 | Lair:1   | Reached skill level 1 in Polearms
 13641 | Lair:1   | Reached skill level 5 in Necromancy
 13722 | Lair:1   | Reached * piety under Hepliaklqana
 13745 | Lair:1   | Found a hide-covered altar of Uskayaw.
 13894 | Lair:1   | Gained mutation: You are completely covered in large bone
                  | plates. (SH +8) [demonic ancestry]
 13894 | Lair:1   | Reached XP level 12. HP: 67/90 MP: 16/19
 14727 | Lair:2   | Noticed a catoblepas
 14739 | Lair:2   | Killed a catoblepas
 14914 | Lair:2   | Reached skill level 5 in Dodging
 14948 | Lair:2   | Found a transporter.
 14953 | Lair:2   | Noticed Urug
 15451 | Lair:2   | Reached skill level 5 in Polearms
 15569 | Lair:2   | Killed Urug
 15693 | Lair:2   | Reached ** piety under Hepliaklqana
 15723 | Lair:2   | Found a transporter.
 15733 | Lair:2   | Remembered your ancestor Mirna as a knight
 15736 | Lair:2   | Noticed bobregger's ghost (journeyman OgBe)
 16093 | D:3      | Killed Grinder
 16158 | D:3      | Noticed Sigmund
 16164 | D:3      | Killed Sigmund
 16214 | D:3      | Found a transporter.
 16882 | D:7      | Killed DemonSlayer's ghost
 17943 | D:11     | Found an ancient bone altar of Kikubaaqudgha.
 17943 | D:11     | Noticed a four-headed hydra
 17953 | D:11     | Killed an eight-headed hydra
 17974 | D:11     | Gained mutation: You may rarely emit foul miasma when
                  | damaged in melee. [demonic ancestry]
 17974 | D:11     | Reached XP level 13. HP: 39/96 MP: 1/22
 18890 | D:12     | Reached skill level 1 in Invocations
 20764 | D:13     | Reached *** piety under Hepliaklqana
 20781 | D:13     | Learned a level 5 spell: Metabolic Englaciation
 21436 | Lair:2   | You fall into a shaft and drop 1 floor!
 21599 | Lair:3   | Found a transporter.
 21604 | Lair:3   | Noticed nickcage's ghost (journeyman BaFi)
 21621 | Lair:3   | Found a transporter.
 21700 | Lair:3   | Reached **** piety under Hepliaklqana
 21794 | Lair:3   | Found a staircase to the Shoals.
 21873 | Lair:3   | Identified the +5 arbalest of Cetyculodd {vorpal, rF+ Str+2
                  | Stlth+}
 22319 | Lair:4   | Noticed Nessos
 22351 | Lair:4   | HP: 1/97 [Nessos/arrow (5)]
 22354 | Lair:4   | Killed Nessos
 22355 | Lair:4   | Reached skill level 5 in Invocations
 22674 | Lair:4   | Found a hole to the Spider Nest.
 23241 | D:14     | Reached skill level 1 in Armour
 23241 | D:14     | Reached skill level 1 in Hexes
 23302 | D:14     | Gained mutation: A demonic guardian rushes to your aid.
                  | [demonic ancestry]
 23302 | D:14     | Reached XP level 14. HP: 34/103 MP: 6/24
 23327 | D:14     | HP: 4/103 [yaktaur (5)]
 23331 | D:14     | Found a gate to the Vaults.
 23586 | D:14     | HP: 3/103 [brown ugly thing (5)]
 23586 | D:14     | Splashed by a brown ugly thing's acid

Illustrated notes

Levels and vault maps discovered:
D:1:      minmay_arrival_open_corners, layout_basic,
          ebering_ecumenical_altar_rust
D:2:      cheibrodos_old_hovel, layout_rooms, uniq_terence, uniq_natasha
D:3:      gammafunk_steamed_eel, layout_loops_ring,
          mainiacjoe_overflow_small_starburst, uniq_sigmund, uniq_grinder
D:4:      layout_basic, minmay_temple_entry_overgrown, uniq_duvessa
D:5:      layout_loops_ring, serial_shops, shop
D:6:      layout_basic, kennysheep_small_square
D:7:      layout_gridville, bloody_makhleb, biasface_ghost_orc_armoury
D:8:      layout_basic, uniq_maggie
D:9:      layout_layer_cave, nicolae_overflow_squiral, orc_0_dummy,
          serial_bayou, serial_bayou_shore_a, serial_bayou_shore_b,
          serial_bayou_lake_a, serial_bayou_lagoon_b, serial_bayou_crossing,
          serial_shops, kennysheep_little_box, minivault_25_ag,
          nicolae_elevator_lobby_asterisk, uniq_maurice
D:10:     layout_cave_pools, dpeg_lair_monsters, hangedman_fish_farm
D:11:     layout_cave_pools, nicolae_kikubaaqudgha_miasma_corner
D:12:     layout_basic
D:13:     layout_gridville
D:14:     layout_basic, hangedman_vaults_entry_quadrant_bands,
          portal_ice_cave_entry_ugly_swarm, okawaru_trees_2, uniq_rupert
Temple:   dpeg_five_rooms_temple
Lair:1:   layout_regular_city, basic_altar, grunt_megastairs_4
Lair:2:   layout_hall_layers, gammafunk_ghost_berserking_beasts,
          beast_lair_carwin_6, grunt_megastairs_5, serial_bayou_shore_b,
          uniq_urug
Lair:3:   layout_long_grid, minmay_shoals_entry_lonely_mermaid,
          nzn_ghost_randoct, nicolae_quartered_pool_super
Lair:4:   layout_long_grid, spider_nest_entry_a, infiniplex_staircase_pool_2,
          uniq_nessos

Skill      XL: |  1  2  3  4  5  6  7  8  9 10 11 12 13 14 |
---------------+-------------------------------------------+-----
Ice Magic      | 4 5 6 7 10 11 12 | 12.7
Dodging        | 2 3 4 5 6 |  6.0
Fighting       | 1 2 10 11 12 | 12.1
Maces & Flails | 1 3 |  3.1
Spellcasting   | 3 4 5 6 7 |  7.0
Stealth        | 2 3 4 |  4.4
Axes           | 4 7 |  7.3
Necromancy     | 2 5 7 9 |  9.3
Polearms       | 2 5 7 |  7.6
Invocations    | 5 |  5.3
Armour         | 1 2 |  2.6
Hexes          | 1 |  1.0
Unarmed Combat | |  0.5
Evocations     | |  0.5

Action                   |  1- 3 |  4- 6 |  7- 9 | 10-12 | 13-15 || total
-------------------------+-------+-------+-------+-------+-------++-------
Melee: Unarmed           |     1 |       |       |     8 |       ||     9
       Short sword       |    36 |    17 |       |       |       ||    53
       Tailslap          |     2 |    20 |    49 |    71 |    31 ||   173
       Whip              |       |    99 |   222 |       |       ||   321
       Punch             |       |     2 |     3 |       |       ||     5
       Battleaxe         |       |       |    19 |   159 |       ||   178
       Dire flail        |       |       |    17 |     7 |       ||    24
       Halberd           |       |       |       |   229 |   198 ||   427
Throw: Boomerang         |       |       |       |     7 |     4 ||    11
       Throwing net      |       |       |       |       |     2 ||     2
       Dart              |       |       |       |       |     1 ||     1
 Cast: Freeze            |    34 |    26 |     3 |     8 |     1 ||    72
       Ozocubu's Armour  |       |     6 |    25 |    25 |    18 ||    74
       Frozen Ramparts   |       |     4 |    18 |    24 |    13 ||    59
       Pain              |       |       |       |     6 |       ||     6
       Hailstorm         |       |       |       |     1 |     4 ||     5
       Simulacrum        |       |       |       |    15 |    14 ||    29
       Metabolic Englaci |       |       |       |       |     7 ||     7
Invok: Recall Ancestor   |       |       |       |     1 |     2 ||     3
       Ancestor Life: Kn |       |       |       |     1 |       ||     1
Evoke: Wand              |       |     8 |       |     2 |     2 ||    12
  Use: Scroll            |     2 |     2 |     2 |    13 |     2 ||    21
       Potion            |     3 |     4 |     3 |     2 |    10 ||    22
 Stab: Sleeping          |     2 |     3 |     2 |     8 |     7 ||    22
       Distracted        |       |       |       |     2 |     2 ||     4
       Invisible         |       |       |       |       |     1 ||     1
Armor: Robe              |    11 |    40 |    70 |    17 |       ||   138
       Skin              |       |       |     6 |     2 |       ||     8
       Steam dragon scal |       |       |       |   112 |   120 ||   232
       Scale mail        |       |       |       |       |    35 ||    35
Dodge: Dodged            |    43 |    84 |   170 |   331 |   206 ||   834
Block: Other             |       |       |    62 |   132 |   119 ||   313
